 Dungeon Crawl Stone Soup version 0.30.0-11-gf55b779eaf (webtiles) character file.

Game seed: 2690996827987936647

20 Sabo the Covered (level 2, 0/16 HPs)
             Began as a Vine Stalker Fighter on May 16, 2023.
             Constricted to death by a ball python (1 damage)
             ... on level 1 of the Dungeon.
             The game lasted 00:02:35 (511 turns).

Sabo the Covered (Vine Stalker Fighter)              Turns: 511, Time: 00:02:35

Health: 0/16       AC:  6    Str: 18    XL:     2   Next: 79%
Magic:  0/3        EV:  6    Int:  8    God:
Gold:   16         SH:  4    Dex: 13    Spells: 1/1 levels left

rFire   . . .        a - +0 war axe
rCold   . . .        c - +0 buckler
rNeg    . . .        b - +0 scale mail
rPois   .            (no helmet)
rElec   .            (no cloak)
rCorr   .            (no gloves)
SInv    .            (no boots)
Will    .....        (no amulet) Stlth
                     (no ring)
HPRegen 0.22/turn    (no ring)
MPRegen 0.08/turn

%: guardian spirit
@: mighty, constricted
A: fangs 2, magic shield, antimagic bite, no potion heal 2
a: no special abilities


You were on level 1 of the Dungeon.
You visited 1 branch of the dungeon, and saw 1 of its levels.

You collected 16 gold pieces.

Inventory:

Hand Weapons
 a - a +0 war axe (weapon)
Armour
 b - a +0 scale mail (worn)
 c - a +0 buckler (worn)
Scrolls
 e - a scroll of enchant armour {unknown}
 f - 2 scrolls of identify {unknown}
 g - a scroll of fear {unknown}


   Skills:
 + Level 2.8 Fighting
 + Level 2.1 Axes
 + Level 2.8 Armour
 + Level 2.8 Shields


You had one spell level left.
You didn't know any spells.
Your spell library was empty.

Dungeon Overview and Level Annotations

Branches:
Dungeon (1/15)

Altars:

Shops:
D:1 *


Innate Abilities, Weirdness & Mutations

You have extremely sharp teeth.
When hurt, damage is shared between your health and your magic reserves.
Your bite disrupts and absorbs the magic of your enemies.
Potions cannot restore your health.


Message History

The endoplasm quivers.
You slash the jackal!
You kill the jackal!
You barely miss the jackal. You hit the ball python.
The jackal closely misses you. The ball python barely misses you.
You block the ball python's attack. You block the jackal's attack.
The ball python bites you. The ball python barely misses you.
You barely miss the ball python.
The ball python is heavily wounded.
You completely miss the jackal. You hit the jackal. The jackal bites you.
The jackal closely misses you. The ball python barely misses you.
The ball python grabs you. The ball python constricts you.
The jackal bites you but does no damage.
The jackal bites you. The ball python closely misses you.
The ball python constricts you. The jackal closely misses you.
You barely miss the ball python.
The ball python is heavily wounded.
You hit the jackal. You barely miss the jackal. The jackal bites you.
The ball python barely misses you. The ball python constricts you.
The jackal bites you. The jackal barely misses you. The ball python bites you.
The ball python constricts you.
* * * LOW HITPOINT WARNING * * *
You block the jackal's attack.
You feel very mighty all of a sudden.
The jackal bites you but does no damage.
You block the jackal's attack. The ball python closely misses you.
The ball python constricts you. The jackal bites you.
* * * LOW HITPOINT WARNING * * *
You slash the jackal!
You kill the jackal!
You barely miss the ball python. You closely miss the jackal.
The jackal barely misses you.
The ball python bites you but does no damage.
The ball python constricts you.
The jackal bites you but does no damage.
The endoplasm freezes you.
You are frozen.
* * * LOW HITPOINT WARNING * * *
The ball python barely misses you. The ball python constricts you.
You die...

##.#........##.#.#.#..
?..#........##.....#).
...................†..
##......##...........
#####......############.
...........+ ..
..........# .##
###......# .. #.S@...#
## #.hJ#### ........
#.###.... # !.....
.......? .........#
..###......


You could see an endoplasm, a jackal and a ball python.

Vanquished Creatures
  A giant cockroach (D:1)
  2 goblins (D:1)
  2 hobgoblins (D:1)
  7 jackals (D:1)
  3 kobolds (D:1)
  2 frilled lizards (D:1)
17 creatures vanquished.

Notes
Turn   | Place    | Note
-------+----------+-------------------------------------------
     0 | D:1      | Sabo the Vine Stalker Fighter began the quest for the Orb.
     0 | D:1      | Reached XP level 1. HP: 11/11 MP: 2/2
   336 | D:1      | Reached XP level 2. HP: 15/16 MP: 3/3
   471 | D:1      | Found Umaef's Assorted Antiques.
   511 | D:1      | Constricted to death by a ball python

Illustrated notes

Levels and vault maps discovered:
D:1:      minmay_arrival_widening_spiral_narrow, layout_basic, serial_shops,
          nicolae_shop_stone

Skill      XL: |  1 |
---------------+----+-----
Axes           | 2 |  2.1
Fighting       | |  2.8
Armour         | |  2.8
Shields        | |  2.8

Action                     || total
---------------------------++-------
  Melee: War axe           ||    42
         Bite              ||     8
    Use: Potion            ||     1
 Armour: Scale mail        ||    32
  Dodge: Dodged            ||    29
  Block: Buckler           ||    20
